 Dungeon Sprint DCSS version 0.31-a0-18-gea43df2a32 (webtiles) character file.

Game seed: 3351222192182047484

3681 sircluck the Brawler (level 9, -3/157 HPs)
             Began as a Troll Berserker on May 11, 2023.
             Was a High Priest of Trog.
             Killed from afar by a death drake (9 damage)
             ... with a foul vapour
             ... in the Dungeon (Sprint II: "The Violet Keep of Menkaure").
             The game lasted 00:04:16 (611 turns).

sircluck the Brawler (Troll Berserker)               Turns: 611, Time: 00:04:16

Health: -3/157     AC:  4    Str: 31    XL:     9   Next: 90%
Magic:  8/8        EV: 12    Int:  3    God:    Trog [*****.]
Gold:   699        SH:  0    Dex:  9    Spells: 8/8 levels left

rFire   . .          .
                       - Unarmed
rCold   . . .        (no shield)
rNeg    . . .        a - +0 animal skin
rPois   .            (helmet restricted)
rElec   .            (no cloak)
rCorr   .            (gloves unavailable)
SInv    .            (boots unavailable)
Will    .....        (no amulet) Stlth
                     (no ring)
HPRegen 1.26/turn    (no ring)
MPRegen 0.11/turn

%: no teleportation
@: confused, berserking, lethally poisoned (-3 -> -20), slowed
A: large, unfitting armour, claws 3, regeneration 1, shaggy fur 1, tough skin 1
a: Renounce Religion, Berserk, Trog's Hand, Brothers in Arms


You were in the Dungeon.
You worshipped Trog.
Trog was extremely pleased with you.
You visited 1 branch You collected 1221 gold pieces.
You spent 522 gold pieces at shops.

Inventory:

Missiles
 i - 9 stones (quivered)
Armour
 a - a +0 animal skin (worn)
Jewellery
 h - a +6 ring of strength
Scrolls
 g - a scroll of blinking
Potions
 d - a potion of haste
 e - 2 potions of magic
 f - a potion of berserk rage


   Skills:
 + Level 11.0 Fighting
 + Level 10.3 Dodging
 + Level 1.7 Stealth
 + Level 15.4 Unarmed Combat


You had 8 spell levels left.
You didn't know any spells.
Your spell library was empty.

Dungeon Overview and Level Annotations

Branches:
Dungeon (1/1)

Altars:
Cheibriados
Dithmenos
Elyvilon
Fedhas
Gozag
Hepliaklqana
Kikubaaqudgha
Makhleb
Qazlal
Ru
Sif Muna
Trog
Wu Jian
Xom
Jiyva
Lugonu

Shops:
D ::([?==[(!:(!(=

Annotations:
D exclusion: oklob plant, Roxanne


Innate Abilities, Weirdness & Mutations

You are too large for most types of armour.
You have claws for hands.
Your natural rate of healing is unusually fast.
You are covered in fur. (AC +1)
You have tough skin. (AC +1)


Message History

The death drake barely misses you.
You barely miss the death drake.
The death drake is lightly wounded.
You feel sick. The death drake bites you.
* * * LOW HITPOINT WARNING * * *
The swamp drake closely misses you.
You mangle the death drake!!
The death drake is moderately wounded.
You feel sick. The death drake misses you. The swamp drake bites you!
* * * LOW HITPOINT WARNING * * *
The death drake misses you.
A red film seems to cover your vision as you go berserk!
You feel yourself moving faster!
You feel mighty!
You feel sick. The death drake bites you.
* * * LOW HITPOINT WARNING * * *
The swamp drake completely misses you.
The death drake bites you but does no damage.
You mangle the death drake!!
The death drake is severely wounded.
The swamp drake breathes poison at you.
The noxious blast engulfs you but does no damage.
You are more poisoned.
The death drake closely misses you.
You barely miss the death drake. Your claw misses the death drake.
The death drake is severely wounded.
You are engulfed in noxious fumes.
You feel sick.
The swamp drake bites you but does no damage.
The death drake bites you.
* * * LOW HITPOINT WARNING * * *
Unknown command.
You barely miss the death drake.
The death drake is severely wounded.
You are engulfed in noxious fumes.
You choke on the stench!
You are confused.
You feel sick. The death drake breathes miasma at you.
The foul vapour engulfs you!
You are lethally poisoned!
You feel as though you will be slow longer.
You die...

SS≈~*#e≈.....#**,,,*~~~~~~~~***,,
#+++#####^^.^#k##,,************+*
.....#..'..^.#,k#,,*,,,,,,,,**,,,
'##..#..####.#,k#,,*,,,,,,,,**,⌠,
..##.####.h+.##.#,,*,,,,,,,,**,,,
#..#....#,,#...####*,,,,,,,,**,,,
#÷####..#####.k##°#*,,,,,,,,**,,,
÷###.##..#.†'°.#°°#*,,,,,,,,**,,,
.##.#.#..#..#.○#@k#*,,,,,,,,**,⌠,
<.†###'..####..##k#*,,!,,,,,**,,,
.##.#.#....###..)##▓▓▓▓***+****+*
'###.##......§§~~~~~~~~~~~,,,~~~*
..####~~.§§..~#'########+***,~~~*
#..#~~~~~~~..~#....._..#~~~**~~~*
..##~~~~§~~~.~#...._._.#~~~~*****
+##~~~≈§≈§§~~~#..._._._#~~~~~**,,
~~~~~~~§§≈≈~~~#.._._._.#~~~~~~*,,


You could see a death drake (catching breath) and a swamp drake (catching
breath).

Vanquished Creatures
  2 boulder beetles (D)
  A merfolk siren (D)
  A yaktaur (D)
  3 polar bears (D)
  A hornet (D)
  4 wyverns (D)
  Menkaure (D)
  2 water moccasins (D)
  A scorpion (D)
  4 necrophages (D)
  A spectral adder (D)
  A spectral bat (D)
22 creatures vanquished.

Notes
Turn   | Place    | Note
-------+----------+-------------------------------------------
     0 | D        | sircluck the Troll Berserker began the quest for the Orb.
     0 | D        | Reached XP level 1. HP: 22/22 MP: 0/0
     1 | D        | Noticed a necrophage
     1 | D        | Noticed a necrophage
     1 | D        | Noticed a necrophage
     1 | D        | Noticed a necrophage
     3 | D        | Killed a necrophage
     4 | D        | Reached skill level 5 in Unarmed Combat
     4 | D        | Reached XP level 2. HP: 33/33 MP: 1/1
     4 | D        | Reached XP level 3. HP: 40/40 MP: 2/2
    12 | D        | Killed a necrophage
    13 | D        | Reached skill level 5 in Fighting
    13 | D        | Reached skill level 5 in Dodging
    13 | D        | Reached skill level 6 in Unarmed Combat
    13 | D        | Reached XP level 4. HP: 50/50 MP: 3/3
    14 | D        | Killed a necrophage
    14 | D        | Reached ** piety under Trog
    15 | D        | Reached skill level 7 in Unarmed Combat
    15 | D        | Reached XP level 5. HP: 59/59 MP: 4/4
   164 | D        | Noticed a wyvern
   164 | D        | Noticed a wyvern
   169 | D        | Killed a wyvern
   170 | D        | Reached skill level 9 in Unarmed Combat
   170 | D        | Reached XP level 6. HP: 58/71 MP: 5/5
   174 | D        | Killed a wyvern
   175 | D        | Reached XP level 7. HP: 38/78 MP: 6/6
   192 | D        | Noticed a boulder beetle
   192 | D        | Noticed a boulder beetle
   196 | D        | Noticed a merfolk siren
   208 | D        | Killed a merfolk siren
   208 | D        | Reached *** piety under Trog
   209 | D        | Reached skill level 11 in Unarmed Combat
   228 | D        | Killed a boulder beetle
   229 | D        | Reached skill level 12 in Unarmed Combat
   229 | D        | Reached XP level 8. HP: 92/92 MP: 7/7
   234 | D        | Killed a boulder beetle
   234 | D        | Reached **** piety under Trog
   235 | D        | Reached skill level 10 in Fighting
   235 | D        | Reached skill level 13 in Unarmed Combat
   235 | D        | Reached XP level 9. HP: 101/101 MP: 8/8
   275 | D        | Found Onodurph's Book Shoppe.
   275 | D        | Found Dymaz's Distillery.
   275 | D        | Found Futz's Jewellery Emporium.
   275 | D        | Found Jiwnumegh's Jewellery Shoppe.
   275 | D        | Found Jeeguby's Distillery.
   276 | D        | Found Kegairir's Antique Weapon Emporium.
   276 | D        | Found Guf Wil's Antique Weapon Shoppe.
   276 | D        | Found Iqonn's Antique Armour Emporium.
   276 | D        | Found Ekimue's Magic Scroll Shoppe.
   276 | D        | Found Odatum's Antique Armour Emporium.
   277 | D        | Found Necvainu's Antique Weapon Shoppe.
   277 | D        | Found Tiplystunu's Book Emporium.
   278 | D        | Found Akaokunt's Weapon Shoppe.
   278 | D        | Found Ibli Nyo's Jewellery Emporium.
   299 | D        | Noticed Menkaure
   304 | D        | Killed Menkaure
   334 | D        | Noticed an oklob plant
   335 | D        | Found Seypet's Book Shoppe.
   340 | D        | Noticed a fire dragon
   388 | D        | Reached ***** piety under Trog
   401 | D        | Bought a scroll of magic mapping for 90 gold pieces
   406 | D        | Bought a +6 ring of strength for 432 gold pieces
   428 | D        | Noticed Roxanne
   437 | D        | Found an opulent altar of Gozag.
   438 | D        | Found a blossoming altar of Fedhas.
   439 | D        | Found a white marble altar of Elyvilon.
   439 | D        | Found a burning altar of Makhleb.
   440 | D        | Found a shadowy altar of Dithmenos.
   440 | D        | Found a corrupted altar of Lugonu.
   441 | D        | Found a snail-covered altar of Cheibriados.
   441 | D        | Found an ancient bone altar of Kikubaaqudgha.
   441 | D        | Found a bloodstained altar of Trog.
   442 | D        | Found a viscous altar of Jiyva.
   442 | D        | Found a shimmering blue altar of Sif Muna.
   443 | D        | Found a hazy altar of Hepliaklqana.
   443 | D        | Found a sacrificial altar of Ru.
   443 | D        | Found a shimmering altar of Xom.
   444 | D        | Found a stormy altar of Qazlal.
   444 | D        | Found an ornate altar of the Wu Jian Council.
   444 | D        | Noticed a polar bear
   445 | D        | Noticed a yaktaur
   445 | D        | Noticed a polar bear
   448 | D        | Killed a polar bear
   449 | D        | Reached skill level 1 in Stealth
   449 | D        | Reached skill level 14 in Unarmed Combat
   451 | D        | Noticed a polar bear
   453 | D        | Killed a polar bear
   458 | D        | Reached skill level 10 in Dodging
   460 | D        | Killed a polar bear
   460 | D        | Received a gift from Trog
   464 | D        | Killed a yaktaur
   465 | D        | Reached skill level 15 in Unarmed Combat
   533 | D        | Noticed a hell hog
   537 | D        | Noticed a deep elf master archer
   591 | D        | Noticed a death drake
   593 | D        | Noticed a death drake
   610 | D        | HP: 6/157 [death drake (6)]
   611 | D        | Killed from afar by a death drake

Illustrated notes

Levels and vault maps discovered:
D:        the_violet_keep_of_menkaure [sprint2_stairs_cluster_1,
          sprint2_shoproom, sprint2_temple, sprint2_basic_supplies,
          sprint2_obstacle_6, sprint2_obstacle_1, sprint2_obstacle_7,
          sprint2_obstacle_2, sprint2_obstacle_5, sprint2_timed_cluster_1,
          sprint2_smallroom_cluster_1, sprint2_smallroom_final_cluster_1,
          sprint2_transparent_cluster_1, sprint2_second_timed_cluster_1,
          sprint2_sniper_area_1, sprint2_heavy_combat_area_1,
          sprint2_mutation_trap_area_1, sprint2_forest_area_1,
          sprint2_light_combat_area_1, sprint2_behind_water_1,
          sprint2_near_end_vault_1]

Skill      XL: |  1  2  3  4  5  6  7  8  9 |
---------------+----------------------------+-----
Fighting       | 4 5 7 9 10 11 | 11.0
Dodging        | 4 5 6 7 8 9 10 | 10.3
Unarmed Combat | 5 6 7 9 12 13 15 | 15.4
Stealth        | 1 |  1.7

Action                     |  1- 3 |  4- 6 |  7- 9 || total
---------------------------+-------+-------+-------++-------
  Melee: Unarmed           |     9 |    18 |    67 ||    94
         Punch             |     1 |     1 |     5 ||     7
 Invoke: Berserk           |     1 |       |     2 ||     3
    Use: Potion            |       |       |     2 ||     2
         Scroll            |       |       |     1 ||     1
   Stab: Distracted        |       |       |     1 ||     1
 Armour: Animal skin       |     1 |     1 |    13 ||    15
  Dodge: Dodged            |     6 |     7 |    30 ||    43

Table legend: (Time is in decaauts)
 A = Elapsed time spent in this place.
 B = Non-inter-level travel time spent in this place.
 C = Inter-level travel time spent in this place.
 D = Time resting spent in this place.
 E = Time spent auto-exploring this place.
 F = Levels seen in this place.
 G = Mean time per level.
                   A        B        C        D        E       F      G
               +--------+--------+--------+--------+--------+-----+--------+
         Total |    603 |    546 |     57 |    229 |     89 |   1 |  603.0 |
       Dungeon |    603 |    546 |     57 |    229 |     89 |   1 |  603.0 |
               +--------+--------+--------+--------+--------+-----+--------+

Top non-repeatable levels by time:
       D: 603 daAuts
